 Dungeon Crawl Stone Soup version 0.29.1-15-g9cfb28693d (webtiles) character file.

Game seed: 14551111045641300552

2595 croobank the Firebug (level 9, -15/66 HPs)
             Began as a Demonspawn Fire Elementalist on Mar 31, 2023.
             Killed by an exploding bullfrog (30 damage)
             ... ignited by their inner flame
             ... in a bailey on Apr 1, 2023.
             The game lasted 01:52:31 (8531 turns).

croobank the Firebug (Demonspawn Fire Elementalist) Turns: 8531, Time: 01:52:31

Health: -15/66     AC:  4    Str:  9    XL:     9   Next: 33%
Magic:  0/16       EV: 15    Int: 29    God:
Gold:   277        SH:  0    Dex: 19    Spells: 6/18 levels left

rFire   . . .      SeeInvis .   I - +2 dagger (speed)
rCold   . . .      Faith    .   (no shield)
rNeg    . . .      Spirit   .   a - +0 robe
rPois   .          Reflect  .   (helmet restricted)
rElec   .          Harm     .   (no cloak)
rCorr   .          Rampage  .   g - +1 pair of gloves
Will    .....                   (no boots)
Stlth   +++.......              (no amulet)
HPRegen 0.21/turn               C - +6 ring of dexterity
MPRegen 0.15/turn               q - +6 ring of intelligence

@: no status effects
A: horns 2, ignite blood 2, big brain 1, demonic magic 1
a: no special abilities


You were in a bailey.
You visited 2 branches of the dungeon, and saw 8 of its levels.
You also visited: Bailey.

You collected 381 gold pieces.
You spent 104 gold pieces at shops.

Inventory:

Hand Weapons
 b - a +0 sling
 c - a +0 short sword
 n - a +0 dagger of draining
 r - a +0 war axe
 s - a +0 hand axe
 u - a +0 scimitar
 v - a +1 vampiric dagger
 E - a +0 rapier of electrocution
 F - a +2 short sword of speed
 I - a +2 dagger of speed (weapon)
 J - a +0 morningstar
Missiles
 G - a curare-tipped dart (quivered)
Armour
 a - a +0 robe (worn)
 g - a +1 pair of gloves (worn)
 t - a +0 leather armour
Magical Staves
 y - a staff of fire
Jewellery
 i - a ring of see invisible
 q - a +6 ring of intelligence (right hand)
 C - a +6 ring of dexterity (left hand)
 K - a ring of positive energy
Wands
 f - a wand of light (4)
 A - a wand of charming (12)
Scrolls
 h - a scroll of torment
 o - 6 scrolls of teleportation
 H - a scroll of blinking
Potions
 d - a potion of resistance
 e - 7 potions of haste
 k - 5 potions of flight {unknown}
 l - a potion of might {unknown}
 p - 2 potions of cancellation {unknown}
 w - 2 potions of attraction {unknown}
 x - 3 potions of curing
 z - a potion of invisibility {unknown}
 B - 2 potions of lignification {unknown}
 D - a potion of mutation {unknown}


   Skills:
 + Level 4.7 Fighting
 + Level 5.0 Dodging
 + Level 5.4 Stealth
 + Level 5.1 Spellcasting
 + Level 5.2 Conjurations
 + Level 0.3 Hexes
 * Level 0.5 Transmutations
 + Level 5.4 Fire Magic


You had 6 spell levels left.
You knew the following spells:

 Your Spells              Type           Power      Damage    Failure   Level
a - Foxfire               Conj/Fire      100%       2x1d9     1%          1
b - Scorch                Fire           76%        2d8       1%          2
c - Flame Wave            Conj/Fire      38%        2d10      7%          4
d - Inner Flame           Hex/Fire       24%        N/A       5%          3
e - Wereblood             Tmut           10%        N/A       8%          2

Your spell library contained the following spells:

 Spells                   Type           Power      Damage    Failure   Level
 Conjure Flame            Conj/Fire      38%        6-21      1%          3
 Beastly Appendage        Tmut           20%        N/A       4%          1
 Spider Form              Tmut/Pois      9%         N/A       16%         3


Dungeon Overview and Level Annotations

Branches:
Dungeon (7/15)             Temple (1/1) D:5          Bailey (1/1)

Altars:
Ashenzari
Gozag
Kikubaaqudgha
Makhleb
Nemelex Xobeh
Qazlal
Sif Muna
Trog
Uskayaw
Wu Jian
Xom
Yredelemnul

Shops:
D:5 !*


Innate Abilities, Weirdness & Mutations

You have a pair of horns on your head.
Your demonic aura often causes spilled blood to erupt in flames.
You have an unusually large brain. (Int +2)
Spells you cast may paralyse adjacent enemies.


Message History

A human comes into view. It is wielding a +0 war axe.
You hit the human but do no damage.
You headbutt the human, but do no damage.
The human is severely wounded.
The human is engulfed in blazing flames.
The human hits you with a +1 vorpal hand axe.
The hobgoblin barely misses you.
You barely miss the human.
The human is severely wounded.
A bullfrog comes into view.
Okay, then.
You feel much better.
The hobgoblin hits you with a +0 hand axe.
The human is engulfed in blazing flames.
The gnoll barely misses you.
Really read the scroll of immolation?
As you read the scroll of immolation, it crumbles to dust.
The creatures around you are filled with an inner flame!
The hobgoblin misses you. The human misses you.
The gnoll hits you with a +0 hand axe. The bullfrog attacks as you move away!
The bullfrog hits you!
The human hits you with a +1 vorpal hand axe.
The bullfrog is engulfed in blazing flames.
Flame seeps out of the bullfrog.
Casting: Foxfire (safe; 1% risk of failure)
Confirm with . or Enter, or press ? or * to list all spells.
Flames lash the hobgoblin.
Malevolent energies surge around you.
The bullfrog suddenly stops moving!
The gnoll suddenly stops moving!
The hobgoblin explodes!
The fiery explosion engulfs the human!
The fiery explosion engulfs the human!!
Flame seeps out of the human.
The human is almost dead.
The human explodes!
The fiery explosion engulfs the bullfrog!!!
The fiery explosion engulfs the human!!
The fiery explosion engulfs you!!
* * * LOW HITPOINT WARNING * * *
The human explodes!
The bullfrog explodes!
The fiery explosion engulfs the gnoll!!!
The fiery explosion engulfs you!!
You die...

#####
##...##
#...§§#
#§§@§.#
#☼§°§.#
##§§§##
#)#g#
pg#~~
...#p~~
#§..#~~~~
#...##~~~#
#..## #'##


You could see 2 humans, a gnoll (inner flame) and a goblin (inner flame).

Vanquished Creatures
  Joseph (D:7)
  3 humans (Bailey)
  2 sky beasts
  2 ice beasts (D:5)
  3 black bears
  Duvessa (D:4)
  An ogre (D:6)
  A centaur (D:6)
  A kobold brigand (D:6)
  4 bullfrogs
  2 necrophages
  A scorpion (D:6)
  3 wights (D:7)
  Dowan (D:4)
  2 jellies
  3 hounds
  4 iguanas
  Ijyb (D:4)
  An orc wizard (D:6)
  5 gnolls
  7 adders
  A shadow imp (D:5)
  2 white imps
  An ufetubus (D:4)
  3 worms
  A dart slug (D:4)
  19 orcs
  7 ball pythons
  6 endoplasms
  2 giant cockroaches
  12 goblins
  8 hobgoblins
  2 jackals (D:4)
  6 quokkas
  2 bats
  4 frilled lizards
  14 kobolds
  6 rats
145 creatures vanquished.

Vanquished Creatures (others)
  A bullfrog (D:7)
  215 foxfires
216 creatures vanquished.

Grand Total: 361 creatures vanquished

Notes
Turn   | Place    | Note
-------+----------+-------------------------------------------
     0 | D:1      | croobank the Demonspawn Fire Elementalist began the quest
                  | for the Orb.
     0 | D:1      | Reached XP level 1. HP: 13/13 MP: 3/3
   473 | D:1      | Gained mutation: Your demonic aura sometimes causes spilled
                  | blood to erupt in flames. [demonic ancestry]
   473 | D:1      | Reached XP level 2. HP: 19/19 MP: 1/5
   650 | D:1      | Found a faded altar of an unknown god.
   705 | D:1      | Learned a level 2 spell: Scorch
  1387 | D:1      | Reached XP level 3. HP: 24/24 MP: 3/6
  1750 | D:2      | Found an opulent altar of Gozag.
  2205 | D:2      | Reached XP level 4. HP: 31/31 MP: 3/7
  2613 | D:2      | Learned a level 4 spell: Flame Wave
  3438 | D:3      | Reached skill level 1 in Fighting
  3777 | D:4      | Gained mutation: Your demonic aura often causes spilled
                  | blood to erupt in flames. [demonic ancestry]
  3777 | D:4      | Reached XP level 5. HP: 36/37 MP: 4/9
  3810 | D:4      | Noticed Duvessa
  4104 | D:4      | Noticed Ijyb
  4155 | D:4      | Killed Ijyb
  4624 | D:5      | Entered Level 5 of the Dungeon
  5040 | D:4      | Gained mutation: You have an unusually large brain. (Int
                  | +2) [demonic ancestry]
  5040 | D:4      | Reached XP level 6. HP: 44/44 MP: 5/10
  5215 | D:4      | Noticed Dowan
  5224 | D:4      | Killed Dowan
  5305 | D:5      | Found an opulent altar of Gozag.
  5390 | D:5      | Found a staircase to the Ecumenical Temple.
  5399 | Temple   | Entered the Ecumenical Temple
  5475 | D:5      | Noticed an ice beast
  5483 | D:5      | Killed an ice beast
  5543 | D:5      | Noticed an ice beast
  5553 | D:5      | HP: 1/46 [ice beast (9)]
  5556 | D:5      | Killed an ice beast
  5557 | D:5      | Gained mutation: You have a pair of small horns on your
                  | head. [demonic ancestry]
  5557 | D:5      | Reached XP level 7. HP: 30/51 MP: 0/12
  5696 | D:5      | Found a shimmering altar of Xom.
  6014 | D:5      | Found Xuxkafeg's Distillery.
  6030 | D:5      | Bought a potion of heal wounds for 65 gold pieces
  6030 | D:5      | Bought a potion of curing for 39 gold pieces
  6229 | D:5      | Found Tehimpuo's CLEARANCE SALE!.
  6564 | D:4      | Killed Duvessa
  6901 | D:6      | Gained mutation: You have a pair of horns on your head.
                  | [demonic ancestry]
  6901 | D:6      | Reached XP level 8. HP: 58/58 MP: 5/14
  7960 | D:7      | Identified a scroll of acquirement
  7960 | D:7      | Acquired a staff of fire
  7986 | D:7      | Found an ancient bone altar of Kikubaaqudgha.
  8057 | D:7      | Noticed Joseph
  8087 | D:7      | HP: 2/60 [Joseph/sling bullet (5)]
  8094 | D:7      | Killed Joseph
  8095 | D:7      | Reached skill level 5 in Stealth
  8095 | D:7      | Reached skill level 5 in Fire Magic
  8095 | D:7      | Gained mutation: Spells you cast may paralyse adjacent
                  | enemies. [demonic ancestry]
  8095 | D:7      | Reached XP level 9. HP: 40/66 MP: 9/16
  8215 | D:7      | Reached skill level 5 in Spellcasting
  8215 | D:7      | Reached skill level 5 in Conjurations
  8409 | D:7      | Found a flagged portal.
  8426 | Bailey   | Entered a bailey
  8475 | Bailey   | Learned a level 3 spell: Inner Flame
  8478 | Bailey   | Learned a level 2 spell: Wereblood
  8507 | Bailey   | Reached skill level 5 in Dodging
  8531 | Bailey   | Killed by an exploding bullfrog... ignited by their inner
                  | flame

Illustrated notes

Levels and vault maps discovered:
D:1:      minmay_arrival_five_plusses, layout_basic,
          hellmonk_ecumenical_altar_arch_garden
D:2:      layout_loops_cross, basic_altar
D:3:      layout_rooms
D:4:      layout_cave_pods, uniq_ijyb, uniq_duvessa
D:5:      layout_basic, grunt_gozag_statues, nicolae_overflow_crystal_walls,
          minmay_temple_entry_statues_fountains, serial_shops,
          nicolae_diamond_shop, nicolae_shop_clearance
D:6:      layout_rooms
D:7:      layout_rooms, mainiacjoe_overflow_tiny_flanked,
          nicolae_ru_path_of_blood, nicolae_overflow_hidden_temple,
          enter_bailey_5, eino_tiny_chamber, minmay_misc_feat_tower, uniq_joseph
Temple:   nicolae_temple_no_exploring_needed
Bailey:   bailey_axe_froggy_fort_hellmonk, bailey

Skill      XL: |  1  2  3  4  5  6  7  8  9 |
---------------+----------------------------+-----
Stealth        | 2 3 4 5 |  5.4
Dodging        | 2 3 4 5 |  5.0
Fire Magic     | 3 4 5 |  5.4
Fighting       | 1 2 3 4 |  4.7
Conjurations   | 2 3 4 5 |  5.2
Spellcasting   | 3 4 5 |  5.1
Hexes          | |  0.3
Transmutations | |  0.5

Action                   |  1- 3 |  4- 6 |  7- 9 || total
-------------------------+-------+-------+-------++-------
Melee: Unarmed           |    12 |       |       ||    12
       Short sword       |    23 |     4 |     2 ||    29
       Dagger            |       |    26 |    23 ||    49
       Headbutt          |       |       |     9 ||     9
       Staff             |       |       |     8 ||     8
       Punch             |       |       |     1 ||     1
Throw: Dart              |       |       |     1 ||     1
 Cast: Foxfire           |    45 |    36 |    43 ||   124
       Scorch            |    15 |    46 |    56 ||   117
       Flame Wave        |       |     1 |     3 ||     4
       Inner Flame       |       |       |     1 ||     1
Evoke: Wand              |       |     1 |     5 ||     6
  Use: Scroll            |       |     7 |     6 ||    13
       Potion            |       |     4 |     5 ||     9
 Stab: Sleeping          |     2 |     5 |     1 ||     8
       Paralysed         |       |       |     3 ||     3
Armor: Robe              |     8 |     4 |    14 ||    26
Dodge: Dodged            |    17 |    32 |    49 ||    98
